[Event "*** Titled Tuesday 3|2 Blitz"]
[Site "Chess.com"]
[Date "2016.02.02"]
[Round "5"]
[White "DeviatkinAndrey"]
[Black "dretch"]
[Result "0-1"]
[WhiteElo "2448"]
[BlackElo "2481"]
[TimeControl "180+2"]
[EndTime "17:56:16 PST"]
[Termination "dretch won by resignation"]

1. e4 e6 2. d4 d5 3. Nd2 c5 4. exd5 Qxd5 5. Ngf3 cxd4 6. Bc4 Qd6 7.
O-O Nf6 8. Nb3 Nc6 9. Nbxd4 Nxd4 10. Qxd4 Bd7 11. Rd1 Qxd4 12. Nxd4 Rc8 13. Bb3 Bc5 14.
h3 Ke7 15. Be3 e5 16. Nf3 Bxe3 17. fxe3 Rc5 18. c3 e4 19. Nd4 h5 20. Rd2 h4 21.
Rf1 Rhh5 22. Rdf2 Rhg5 23. Kh2 Rg3 24. Rf4 Rcg5 25. R1f2 Rxe3 26. Rxh4 Re1 27. Nc2 Rb1 28. Ne3 a5 29. a4 Ra1 30. Bc2 Re1 31. Nc4 Bc6 32. g4 e3 33. Rf5 Rxf5 34. gxf5 Rh1+ 35. Kg3 e2 0-1

[Event "*** Titled Tuesday 3|2 Blitz"]
[Site "Chess.com"]
[Date "2016.02.02"]
[Round "5"]
[White "Mornar1951"]
[Black "attack2mateU"]
[Result "0-1"]
[WhiteElo "2590"]
[BlackElo "2508"]
[TimeControl "180+2"]
[EndTime "17:56:23 PST"]
[Termination "attack2mateU won by resignation"]

1. Nf3 Nf6 2. c4 e6 3. g3 d5 4. d4 Bb4+ 5. Bd2 Be7 6. Bg2 O-O 7. O-O c6 8. Qc2 b6 9. Rd1 Ba6 10. b3 Nbd7 11. Bf4 Nh5 12. Bc1 f5 13. Bb2 Nhf6 14.
Nbd2 Ne4 15. e3 Rc8 16. Rac1 Qe8 17. Ne5 Nxe5 18. dxe5 Qh5 19. Nf3 Qh6 20. Nd4 c5 21. Nxe6 Qxe6 22. cxd5 Qg6 23. f3 Ng5 24. h4 Nf7 25.
Kf2 Rfe8 26. f4 Rcd8 27. e4 Bc8 28. e6 Nh6 29. e5 Ng4+ 30. Kg1 Ne3 31. Qe2 Nxd1 32.
Rxd1 Qxg3 33. d6 Bxe6 34. dxe7 Rxd1+ 35. Qxd1 Qe3+ 36. Kh1 Qxf4 37. Bd5 Qxh4+ 38. Kg2 Qxe7 39. Bf3 Rd8 40. Qe2 Qg5+ 41. Kf2 Rd2 0-1

[Event "*** Titled Tuesday 3|2 Blitz"]
[Site "Chess.com"]
[Date "2016.02.02"]
[Round "5"]
[White "SenseiJulio"]
[Black "LADIESGET2KNOWME"]
[Result "1-0"]
[WhiteElo "2516"]
[BlackElo "2316"]
[TimeControl "180+2"]
[EndTime "17:56:30 PST"]
[Termination "SenseiJulio won by resignation"]

1. e4 e6 2. b3 d5 3. Bb2 Nf6 4. e5 Nfd7 5. Qg4 c5 6. f4 Nc6 7.
Nf3 g6 8. Be2 Bg7 9. O-O O-O 10.
Qh3 b6 11. Ng5 h6 12. Nxe6 fxe6 13. Qxe6+ Kh7 14. Qxc6 Rb8 15. Qxd5 Bb7 16. Qd6 Qe8 17. Nc3 Rxf4 18. Bd3 Bxe5 19. Bxg6+ Qxg6 20. Qxd7+ Kh8 21. Nd5 Rxf1+ 22. Rxf1 Bxb2 23. c3 Rg8 24. g3 Bc6 25. Qc7 Ba8 26. Qe5+ Kh7 27. Nf6+ Kh8 28. Nh5+ Kh7 29.
Nf6+ Kh8 30. Nxg8+ Kxg8 31. Qb8+ Kh7 32. Qxa7+ Qg7 33.
Rf7 1-0

[Event "*** Titled Tuesday 3|2 Blitz"]
[Site "Chess.com"]
[Date "2016.02.02"]
[Round "5"]
[White "spirals5"]
[Black "Assasin14"]
[Result "0-1"]
[WhiteElo "2201"]
[BlackElo "2013"]
[TimeControl "180+2"]
[EndTime "17:56:38 PST"]
[Termination "Assasin14 won by resignation"]

1. e4 c5 2. Nf3 d6 3. c4 Nf6 4.
Nc3 e5 5. h3 g6 6. d3 Bg7 7. g4 O-O 8. Be3 Nc6 9. Qd2 Re8 10.
Bg2 a6 11. g5 Nd7 12. Nd5 Rb8 13. h4 b5 14. b3 Nb6 15. Nxb6 Qxb6 16. h5 Bg4 17.
hxg6 hxg6 18. O-O Nd4 19. Nh2 Be6 20. Rae1 bxc4 21. dxc4 Qb4 22. Qd1 Qa3 23. Qd2 Qb4 24. Rd1 a5 25. Qxb4 axb4 26. Rd2 Ra8 27. f3 Ra6 28.
Ng4 Rea8 29. Rff2 R6a7 30. Bh3 Bf8 31. Kg2 Kg7 32. Nf6 Ra3 33. Nd5 Bxd5 34. exd5 Be7 35. f4 Nxb3 36. axb3 Rxb3 37. Rde2 Raa3 38. Bc1 Rg3+ 39.
Kf1 Ra1 40. Re1 Rxh3 41. Kg2 Rc3 42. fxe5 Raxc1 43. Rxc1 Rxc1 44. e6 f5 45. gxf6+ Bxf6 46. Re2 Kf8 47. Re3 Rxc4 48. Rg3 g5 49. Rh3 Rh4 50. Rf3 Rg4+ 51. Kh3 Rf4 52. Rb3 Rh4+ 53. Kg2 Ke7 0-1

[Event "*** Titled Tuesday 3|2 Blitz"]
[Site "Chess.com"]
[Date "2016.02.02"]
[Round "5"]
[White "Noukii"]
[Black "Zkid"]
[Result "1-0"]
[WhiteElo "2716"]
[BlackElo "2455"]
[TimeControl "180+2"]
[EndTime "17:56:40 PST"]
[Termination "Noukii won by resignation"]

1. d4 Nf6 2. c4 g6 3. Nc3 d5 4. Nf3 Bg7 5. e3 O-O 6. cxd5 Nxd5 7. Bc4 Nxc3 8. bxc3 c5 9. O-O Nc6 10. h3 Qa5 11.
Qb3 Qc7 12. Bd5 Bd7 13. Ba3 Na5 14. Qb2 e6 15. Bb3 Nxb3 16. axb3 cxd4 17. cxd4 Rfc8 18. Rac1 Bc6 19. Ne5 Bxe5 20. dxe5 Qa5 21. Be7 Bd5 22. Bf6 Qb4 23. f3 Rc6 24. e4 Bxb3 25.
Rb1 Qc5+ 26. Kh2 Bc4 27. Rfd1 b5 28. Rd7 Rc7 29. Rd6 Qe3 30. Rbd1 Rcc8 31. Qb4 a5 32.
Qxa5 Qf4+ 33. Kh1 Qh6 34. Be7 Qe3 35. Rd8+ Kg7 36. Bf8+ Kg8 37. Bh6+ 1-0

[Event "*** Titled Tuesday 3|2 Blitz"]
[Site "Chess.com"]
[Date "2016.02.02"]
[Round "5"]
[White "GianmarcoVaR"]
[Black "tac49"]
[Result "1-0"]
[WhiteElo "2267"]
[BlackElo "2456"]
[TimeControl "180+2"]
[EndTime "17:56:42 PST"]
[Termination "GianmarcoVaR won on time"]

1. d4 Nf6 2. Nf3 g6 3. Bg5 Bg7 4. Nbd2 O-O 5. e3 d6 6. c3 Nbd7 7. Be2 e5 8. O-O Re8 9. dxe5 dxe5 10. e4 h6 11. Bh4 c6 12. Qc2 Qc7 13. Rfd1 Nh5 14.
a4 Nf4 15. Bf1 Nf8 16. Nc4 g5 17. Bg3 Bg4 18. Ne3 Bxf3 19. gxf3 N8g6 20. Nf5 Ne7 21. Ne3 Rad8 22. Rxd8 Rxd8 23. Rd1 h5 24. h3 Bf6 25.
Qb3 Rxd1 26. Qxd1 Kg7 27. b4 Kg6 28. a5 Qc8 29. Kh2 Qe6 30. Qd8 Qa2 31. Bc4 Qb2 32.
Qe8 Ned5 33. exd5 h4 34. dxc6 hxg3+ 35. Kxg3 Nh5+ 36. Kg2 Nf4+ 37. Kg3 Nh5+ 38. Kg4 Kh6 39. Nf5+ Kh7 40. Bxf7 1-0

[Event "*** Titled Tuesday 3|2 Blitz"]
[Site "Chess.com"]
[Date "2016.02.02"]
[Round "5"]
[White "JusticeBot"]
[Black "ItalianMachine"]
[Result "1-0"]
[WhiteElo "2431"]
[BlackElo "2236"]
[TimeControl "180+2"]
[EndTime "17:56:42 PST"]
[Termination "JusticeBot won on time"]

1. e4 e5 2. Nf3 Nc6 3. Bc4 Nf6 4. d3 Be7 5. O-O O-O 6. Re1 d6 7. c3 Na5 8. Bb5 a6 9. Ba4 b5 10. Bc2 c5 11. Nbd2 Qc7 12. Nf1 Rb8 13. Ne3 g6 14. h3 b4 15. Nh2 Kg7 16. Nhg4 Nxg4 17. hxg4 Be6 18. Qf3 bxc3 19. bxc3 h6 20. g3 Nc6 21.
Kg2 Bg5 22. Rh1 Rh8 23. Bb3 Ne7 24. Nc4 Bxc1 25. Raxc1 a5 26. Nd2 Qc6 27. g5 hxg5 28. Bxe6 fxe6 29. Qg4 Qd7 30. Qxg5 Rbf8 31. Nc4 a4 32.
Ne3 Nc6 33. Nc4 Qf7 34. Qe3 d5 35. exd5 exd5 36. Nxe5 1-0

[Event "*** Titled Tuesday 3|2 Blitz"]
[Site "Chess.com"]
[Date "2016.02.02"]
[Round "5"]
[White "vellottiwizard"]
[Black "Gabrielian_Artur"]
[Result "0-1"]
[WhiteElo "2420"]
[BlackElo "2479"]
[TimeControl "180+2"]
[EndTime "17:57:02 PST"]
[Termination "Gabrielian_Artur won by resignation"]

1. e4 c5 2. Nf3 d6 3. d4 cxd4 4. Nxd4 Nf6 5. Nc3 a6 6. Be3 e6 7.
g4 h6 8. h4 h5 9. g5 Ng4 10.
Qd2 g6 11. Be2 Nxe3 12. Qxe3 Bg7 13. O-O-O O-O 14. f4 Nc6 15. Nb3 b5 16. Bf3 Qc7 17. Kb1 Rb8 18. Ne2 a5 19. Nbd4 Nxd4 20. Nxd4 e5 21.
fxe5 Bxe5 22. Rd2 b4 23. Rhd1 a4 24. Ne2 a3 25. b3 Ba6 26. Nc1 Rfc8 27. Be2 Bxe2 28.
Nxe2 Rb5 29. c4 bxc3 30. Rc2 Rc5 31. Nc1 Rb5 32. Ne2 Qb7 33. Nc1 Rb4 34. Re1 Kg7 35. Ka1 Rcc4 36. Nd3 Rxe4 37. Qc1 Rxe1 38. Qxe1 Re4 39.
Qc1 Bd4 40. b4 Rxh4 41. Qxa3 Rh1+ 42. Nc1 Qe4 43. Kb1 h4 44. b5 Rh2 45. Qb3 h3 0-1

[Event "*** Titled Tuesday 3|2 Blitz"]
[Site "Chess.com"]
[Date "2016.02.02"]
[Round "5"]
[White "yurisolo"]
[Black "pKiLz5Rn9b"]
[Result "1-0"]
[WhiteElo "2486"]
[BlackElo "2351"]
[TimeControl "180+2"]
[EndTime "17:57:19 PST"]
[Termination "yurisolo won by resignation"]

1. e4 e6 2. d4 d5 3. Nc3 Nf6 4. e5 Nfd7 5. f4 c5 6. Nf3 Nc6 7. Be3 a6 8. Qd2 b5 9. a3 Qb6 10. Ne2 a5 11. dxc5 Bxc5 12. Ned4 O-O 13. c3 f6 14.
exf6 Nxf6 15. Bd3 Bd7 16. Ke2 b4 17. Nxc6 Bxc6 18. Bxc5 Qxc5 19. cxb4 axb4 20. Qxb4 Qa7 21. Qd4 Qb7 22. Ne5 Bb5 23. Rhc1 Ne4 24. g3 Rac8 25. Kf3 Bxd3 26. Nxd3 Nd6 27. Nc5 Qb5 28. a4 Qe8 29. Qe5 Nc4 30. Qxe6+ Kh8 31. Qxe8 Rfxe8 32. b4 Re3+ 33.
Kg4 g6 34. a5 h5+ 35. Kh3 Nd6 36. Rd1 Nf5 37. Rxd5 Rb8 38. Rb1 Rbe8 39. Nd7 Ra3 40. Ne5 Kg7 41. Rd7+ Kf6 42. Re1 g5 43. Rf7+ Ke6 44.
fxg5 Kd5 45. Rxf5 1-0

[Event "*** Titled Tuesday 3|2 Blitz"]
[Site "Chess.com"]
[Date "2016.02.02"]
[Round "5"]
[White "DanielRensch"]
[Black "Anton_Demchenko"]
[Result "0-1"]
[WhiteElo "2339"]
[BlackElo "2623"]
[TimeControl "180+2"]
[EndTime "17:57:20 PST"]
[Termination "Anton_Demchenko won by checkmate"]

1. d4 Nf6 2. Nc3 d5 3. Bf4 e6 4. e3 Bb4 5. a3 Bxc3+ 6. bxc3 c5 7. c4 Ne4 8. Bd3 Qa5+ 9. Kf1 O-O 10. Nf3 Nc6 11. dxc5 Qxc5 12. cxd5 exd5 13. Ng5 Bf5 14.
h4 h6 15. g4 hxg5 16. hxg5 Bg6 17. Kg2 Rfe8 18. Qg1 Kf8 19. Qh2 Ke7 20. f3 Rh8 21.
Qxh8 Rxh8 22. Rxh8 Nd6 23. Bxg6 fxg6 24. Rah1 Qxc2+ 25. Kg3 Nf7 26. Rc8 Qb2 27. Rc7+ Ke6 28.
e4 d4 29. Rh7 d3 30. Rh2 Qc3 31. Bd2 Qd4 32. Bf4 Qg1+ 33. Rg2 Qe1+ 34. Kh3 Nce5 35. Bxe5 Nxe5 36. Rxg7 Nxf3 37. Rxg6+ Ke5 38. Rg8 Qh4# 0-1

[Event "*** Titled Tuesday 3|2 Blitz"]
[Site "Chess.com"]
[Date "2016.02.02"]
[Round "5"]
[White "Hikaru"]
[Black "GMHess"]
[Result "1-0"]
[WhiteElo "2837"]
[BlackElo "2489"]
[TimeControl "180+2"]
[EndTime "17:57:26 PST"]
[Termination "Hikaru won by checkmate"]

1. b3 e5 2. Bb2 Nc6 3. e3 Nf6 4. Bb5 Bd6 5. Bxc6 dxc6 6. d3 O-O 7. Nd2 Qe7 8. Ngf3 a5 9. O-O a4 10. Nc4 Nd7 11. e4 f6 12. Nh4 Nc5 13. b4 Ne6 14. Nf5 Qd8 15. a3 c5 16. b5 Nd4 17. Bxd4 cxd4 18. Qf3 Bc5 19. Qg3 Bxf5 20. exf5 Qd7 21. Qf3 Rab8 22. Rab1 Rfd8 23. g4 Qd5 24. Kg2 Bf8 25.
b6 c6 26. h4 Kf7 27. Rfe1 Qxf3+ 28. Kxf3 Rd5 29. Ke4 Rb5 30. g5 Rd8 31. Rg1 Rdd5 32. Rbe1 Rdc5 33. Rg3 Rxc4 34. dxc4 Rxb6 35. gxf6 gxf6 36.
f4 exf4 37. Rd3 Bc5 38. Kxf4 Rb2 39. Re2 Bd6+ 40. Ke4 Be5 41. Rd1 b5 42. cxb5 cxb5 43. Kd3 Ra2 44. Rb1 Rxa3+ 45. Ke4 Rh3 46. Rxb5 a3 47. Rb7+ Ke8 48. Rg2 Kf8 49. Ra7 Rc3 50. Kd5 h5 51. Rag7 d3 52. Rg8+ Ke7 53. R2g7# 1-0

[Event "*** Titled Tuesday 3|2 Blitz"]
[Site "Chess.com"]
[Date "2016.02.02"]
[Round "5"]
[White "gmcorrales"]
[Black "Ar4uha"]
[Result "1-0"]
[WhiteElo "2466"]
[BlackElo "2387"]
[TimeControl "180+2"]
[EndTime "17:57:36 PST"]
[Termination "gmcorrales won by resignation"]

1. e4 d6 2. d4 Nf6 3. Nc3 e5 4. dxe5 dxe5 5. Qxd8+ Kxd8 6. Bc4 Be6 7. Bxe6 fxe6 8. f3 c6 9. Be3 Kc7 10. Nge2 Nbd7 11.
g4 Bc5 12. Bxc5 Nxc5 13. h4 Rhf8 14. h5 a5 15. Nd1 a4 16. Ne3 b5 17. g5 Nfd7 18.
Rh3 b4 19. O-O-O b3 20. cxb3 axb3 21. a3 Ra4 22. Nc3 Rd4 23. Ng4 Nd3+ 24. Kb1 N3c5 25.
h6 g6 26. Re1 Nd3 27. Re3 Rf4 28. Rh2 N3c5 29. Rh1 Rf8 30. Rd1 Rd8 31. Rf1 Nd3 32. Ne2 Rd6 33. Nc1 N7c5 34. Nxd3 Rxd3 35. Ree1 Rd2 36.
Nxe5 Rh2 37. Rd1 Rdd2 38. Rxd2 Rxd2 39. Rc1 Na4 40. Nc4 Rf2 41. Re1 Rc2 42. Rc1 Rf2 43. f4 Rxf4 44. Na5 Rf2 45. Rxc6+ Kd7 46. Rc4 Nxb2 47.
Rd4+ Kc7 48. Nxb3 e5 49. Rd2 Rxd2 50. Nxd2 Nd3 51. Kc2 Nf4 52. Nf3 Kd6 53. a4 Ne6 54. a5 Kc5 55. Kc3 Kb5 56. a6 Kxa6 57. Kc4 Kb6 58.
Kd5 Nf8 59. Kd6 1-0

[Event "*** Titled Tuesday 3|2 Blitz"]
[Site "Chess.com"]
[Date "2016.02.02"]
[Round "5"]
[White "Po6Don"]
[Black "chesstatour"]
[Result "1-0"]
[WhiteElo "2098"]
[BlackElo "1952"]
[TimeControl "180+2"]
[EndTime "17:58:13 PST"]
[Termination "Po6Don won on time"]

1. e4 c6 2. d4 d5 3. exd5 cxd5 4. c4 Nf6 5. Nc3 Nc6 6. Bg5 Qa5 7. a3 Ne4 8. Bd2 Nxd2 9. Qxd2 e6 10. Nf3 Be7 11.
c5 O-O 12. Bb5 e5 13. Bxc6 bxc6 14. Nxe5 Qc7 15. O-O a5 16. Rfe1 Rb8 17. Nxc6 Qxc6 18.
Rxe7 Be6 19. Re1 Rb3 20. Nd1 Qa6 21. Qc2 Qd3 22. Qxd3 Rxd3 23. b4 axb4 24. axb4 Rxd4 25. b5 Rc4 26. c6 Rb4 27. Rb7 d4 28. f3 g6 29. Nf2 Rc8 30. Rd1 Bf5 31. Ne4 Bxe4 32.
fxe4 Kg7 33. e5 Kh6 34. Kf2 Kg5 35. Ke2 Kf5 36. Rf1+ Kxe5 37. Rfxf7 Rb2+ 38. Kd3 Rb3+ 39. Kc4 Rc3+ 40. Kb4 Rc1 41. Rbe7+ Kd6 42. Rd7+ Ke5 43. Rfe7+ Kf6 44. Re4 Rb1+ 45. Kc5 Rb8 46. Rb7 Rc1+ 47. Kb6 Rd8 48. c7 Rd6+ 49. Ka7 Ra1+ 50. Kb8 1-0

[Event "*** Titled Tuesday 3|2 Blitz"]
[Site "Chess.com"]
[Date "2016.02.02"]
[Round "5"]
[White "gmjoey1"]
[Black "ruifeng"]
[Result "1/2-1/2"]
[WhiteElo "2446"]
[BlackElo "2303"]
[TimeControl "180+2"]
[EndTime "17:58:29 PST"]
[Termination "Game drawn by repetition"]

1. e4 c5 2. c3 e6 3. d4 cxd4 4. cxd4 d5 5. e5 Nc6 6. Nf3 Nge7 7. Nc3 Nf5 8. Be3 Bd7 9. Bd3 Nxe3 10. fxe3 Be7 11.
O-O O-O 12. Rc1 f5 13. exf6 Bxf6 14. Qc2 g6 15. Bxg6 hxg6 16. Qxg6+ Kh8 17. Qh6+ Kg8 18. Qg6+ Kh8 19. Ne2 Qe7 20. Nf4 Qg7 21. Qh5+ Kg8 22. Ng6 Rf7 23. Ng5 Bxg5 24. Qxg5 Be8 25. Rxf7 Bxf7 26.
Ne7+ Nxe7 27. Qxe7 Rf8 28. Rc7 Qh6 29. Rc3 Bh5 30. h3 Qg6 31. Kh2 Qe4 32. Rc7 Rf7 33.
Qd8+ Kg7 34. Rc8 Rf2 35. Qh8+ Kf7 36. Rf8+ Ke7 37. Rxf2 Qxe3 38. Qf6+ Kd6 39. Rd2 Qxd2 40. Qe5+ Kc6 41. Qxh5 Qxd4 42. Qf7 e5 43. Qf6+ Kc5 44. h4 e4 45. Qxd4+ Kxd4 46. h5 Ke5 47. g4 Kf6 48. Kg2 d4 49. Kf2 e3+ 50. Kf3 Kg5 51. Ke2 b6 52. b4 b5 53. a3 a6 54. Kf3 Kh6 55. Ke2 Kg5 56. Kd3 Kh6 57. Ke2 Kg5 58. Kf3 Kh6 59. Ke2 Kg5 60. Kd3 Kh6 61. Ke2 Kg5 1/2-1/2

[Event "*** Titled Tuesday 3|2 Blitz"]
[Site "Chess.com"]
[Date "2016.02.02"]
[Round "5"]
[White "DaPazz"]
[Black "Silent_Terror"]
[Result "1-0"]
[WhiteElo "2008"]
[BlackElo "2485"]
[TimeControl "180+2"]
[EndTime "17:58:33 PST"]
[Termination "DaPazz won by checkmate"]

1. e3 e6 2. g3 Nf6 3. Bg2 Be7 4. f3 O-O 5. Nh3 b6 6. Nf2 Bb7 7. O-O c5 8. d3 d6 9. e4 Nbd7 10. Nc3 Qc7 11. f4 a6 12. g4 b5 13. g5 Ne8 14. Qh5 f5 15. exf5 Bxg2 16. Kxg2 exf5 17. Nd5 Qb7 18. Qf3 Kf7 19. Re1 Bd8 20. Bd2 Nc7 21. Nxc7 Qxf3+ 22. Kxf3 Bxc7 23. Re2 Nb8 24. c3 Nc6 25.
Rae1 a5 26. h4 a4 27. a3 b4 28. axb4 cxb4 29. d4 a3 30. bxa3 bxa3 31. d5 a2 32.
dxc6 a1=Q 33. Re7+ Kg8 34. Rxa1 Rxa1 35. Rxc7 Raa8 36. Be3 Rfc8 37. Rd7 Rd8 38. Rb7 Rf8 39. Bd4 Rf7 40. c7 Rc8 41. Bb6 Rff8 42. Nd3 Kf7 43.
Nb4 Ke7 44. Nc6+ Kd7 45. Nd4 g6 46. Ke3 Rfe8+ 47. Kd3 Re4 48. Rb8 Ree8 49. Rb7 Re4 50. Nb5 Kc6 51. Rb8 Rxc7 52. Nxc7 Rxf4 53. Ne6 Rxh4 54.
c4 Rh3+ 55. Kd4 Rh4+ 56. Kc3 d5 57. Nd4+ Kd7 58. cxd5 Rg4 59. Rd8+ Ke7 60. d6+ Kf7 61. Rd7+ Ke8 62. Re7+ Kf8 63. Ne6+ Kg8 64. Rg7+ Kh8 65. d7 Rg3+ 66. Kc4 Rg4+ 67. Kd5 Rd4+ 68. Bxd4 f4 69. d8=R# 1-0

[Event "*** Titled Tuesday 3|2 Blitz"]
[Site "Chess.com"]
[Date "2016.02.02"]
[Round "5"]
[White "Jahonas"]
[Black "pedromartinez91"]
[Result "1-0"]
[WhiteElo "2199"]
[BlackElo "1987"]
[TimeControl "180+2"]
[EndTime "18:00:54 PST"]
[Termination "Jahonas won on time"]

1. d4 d5 2. Nf3 e6 3. c3 Nf6 4.
Bf4 Be7 5. Nbd2 O-O 6. e3 b6 7.
Bd3 Ba6 8. Bxa6 Nxa6 9. Qa4 Nb8 10. O-O c5 11. Ne5 Qc8 12. Rac1 Nfd7 13. Ndf3 Bf6 14. c4 Nxe5 15. Bxe5 Nd7 16. cxd5 exd5 17. Bxf6 Nxf6 18. dxc5 bxc5 19. b3 Qc7 20. Rc2 Rac8 21.
Rfc1 Qe7 22. h3 Rfd8 23. Qa3 Ne4 24. Nd4 Qf6 25. Nf3 a6 26. Qa5 h6 27. Nh2 c4 28.
Ng4 Qe6 29. bxc4 dxc4 30. Qe5 c3 31. Qxe6 fxe6 32. Kh2 h5 33. f3 hxg4 34. fxe4 Rc4 35. Rxc3 Rxe4 36. hxg4 Rxg4 37. Rc8 Rxc8 38. Rxc8+ Kf7 39.
Rc7+ Kf6 40. Rc6 Ra4 41. Rc2 Ra3 42. Re2 Ke5 43. Kg3 Ke4 44. Kf2 g5 45. Rb2 e5 46.
Rb4+ Kf5 47. g4+ Ke6 48. Rb2 Kd5 49. Kf3 e4+ 50. Ke2 Kc5 51. Rd2 Rc3 52. Rb2 a5 53. a4 Ra3 54. Rb5+ Kc6 55. Rxa5 Ra2+ 56. Ke1 Kd6 57.
Rxg5 Rxa4 58. Kf2 Ra3 59. Rf5 Ke6 60. Rf8 Rd3 61. Re8+ Kf6 62. Rxe4 Kg5 63. Kf3 Rd1 64. Re5+ Kf6 65. Rf5+ Kg6 66. Ra5 Rf1+ 67. Kg2 Re1 68. Kf2 Rc1 69. Rf5 Rb1 70. Kf3 Rg1 71. e4 Rf1+ 72.
Ke3 Rg1 73. Kf4 Rf1+ 74. Ke5 Rg1 75. Rf8 Kg7 76. Rf4 Kg6 77. Ke6 Kg5 78. Rf8 Re1 79.
e5 Kxg4 80. Kd6 Rd1+ 81. Ke7 Kg5 82. e6 Kg6 83. Rf2 Rd3 84. Ke8 Ra3 85. e7 Rd3 86. Kf8 1-0

[Event "*** Titled Tuesday 3|2 Blitz"]
[Site "Chess.com"]
[Date "2016.02.02"]
[Round "6"]
[White "Konavets"]
[Black "gmcorrales"]
[Result "0-1"]
[WhiteElo "2502"]
[BlackElo "2480"]
[TimeControl "180+2"]
[EndTime "18:03:46 PST"]
[Termination "gmcorrales won by resignation"]

1. Nf3 c5 2. c4 Nc6 3. g3 g6 4. Bg2 Bg7 5. O-O e5 6. Ne1 Nge7 7. Nc3 d6 8. Nc2 Be6 9. Ne3 O-O 10. Rb1 a6 11. a3 Rb8 12. b4 cxb4 13. axb4 b5 14. cxb5 axb5 15. Ned5 Nxd5 16. Nxd5 Ne7 17. Qb3 Nxd5 18.
Bxd5 Qd7 19. d3 Bxd5 20. Qxd5 Qe6 21. Qxe6 fxe6 22. Be3 Rfc8 23. Rfc1 Bf8 24. Ra1 d5 25.
Bc5 Bxc5 26. bxc5 b4 27. Ra6 b3 28. c6 Kf8 29. c7 b2 0-1

[Event "*** Titled Tuesday 3|2 Blitz"]
[Site "Chess.com"]
[Date "2016.02.02"]
[Round "6"]
[White "dretch"]
[Black "DaPazz"]
[Result "1-0"]
[WhiteElo "2483"]
[BlackElo "2007"]
[TimeControl "180+2"]
[EndTime "18:04:39 PST"]
[Termination "dretch won by resignation"]

1. d4 g6 2. c4 Bg7 3. Nf3 d5 4.
cxd5 Nf6 5. Qa4+ Qd7 6. Qxd7+ Bxd7 7. Nc3 O-O 8. e4 c6 9. dxc6 Nxc6 10. Be3 Bg4 11. Ne5 Nxe5 12. dxe5 Nd7 13. f4 g5 14. g3 f6 15. Bc4+ Kh8 16. e6 Nb6 17. Bb3 gxf4 18.
gxf4 f5 19. e5 Bf3 20. Rg1 Bh6 21. Kf2 Bc6 22. Rg3 a5 23. Bxb6 1-0

[Event "*** Titled Tuesday 3|2 Blitz"]
[Site "Chess.com"]
[Date "2016.02.02"]
[Round "6"]
[White "GM_Huschenbeth"]
[Black "Quiet_Desperation"]
[Result "1-0"]
[WhiteElo "2289"]
[BlackElo "2117"]
[TimeControl "180+2"]
[EndTime "18:06:50 PST"]
[Termination "GM_Huschenbeth won by resignation"]

1. e4 Nc6 2. Nf3 d6 3. d4 Nf6 4. Nc3 d5 5. exd5 Nxd5 6. Bc4 e6 7. O-O Be7 8. Ne4 h6 9. c3 O-O 10. Re1 b6 11. Bd3 Bb7 12. Bc2 f5 13. Ng3 Qd7 14. Qe2 Bc8 15. a3 Bf6 16. c4 Nde7 17. Be3 f4 18.
Bxf4 Bxd4 19. Qe4 Nf5 20. Rad1 Bb7 21. Nxd4 Ncxd4 22. Qxb7 Nxg3 23. hxg3 c5 24. Qxd7 1-0

[Event "*** Titled Tuesday 3|2 Blitz"]
[Site "Chess.com"]
[Date "2016.02.02"]
[Round "6"]
[White "chesstatour"]
[Black "spirals5"]
[Result "0-1"]
[WhiteElo "1949"]
[BlackElo "2205"]
[TimeControl "180+2"]
[EndTime "18:06:58 PST"]
[Termination "spirals5 won by resignation"]

1. c4 e5 2. Nc3 Nc6 3. Nf3 f5 4. d4 e4 5. Ng5 Nf6 6. g3 h6 7.
Nh3 g5 8. Bg2 Bg7 9. O-O d6 10. f3 exf3 11. exf3 O-O 12. f4 g4 13.
Nf2 Bd7 14. Rb1 Rb8 15. Be3 Re8 16. Qd2 Nh7 17. Rbd1 Ne7 18. d5 a6 19. Bd4 Ng6 20.
Bxg7 Kxg7 21. Rfe1 Qf6 22. b4 h5 23. c5 Rbd8 24.
c6 Bc8 25. a4 b6 26. h4 gxh3 27. Nxh3 h4 28. Ng5 hxg3 29. Nxh7 Kxh7 30. Ne2 Qh4 31. Rf1 0-1

[Event "*** Titled Tuesday 3|2 Blitz"]
[Site "Chess.com"]
[Date "2016.02.02"]
[Round "6"]
[White "Malev212"]
[Black "vellottiwizard"]
[Result "1-0"]
[WhiteElo "2337"]
[BlackElo "2380"]
[TimeControl "180+2"]
[EndTime "18:07:15 PST"]
[Termination "Malev212 won by resignation"]

1. e4 e6 2. Qe2 c5 3. g3 Nc6 4. Bg2 g6 5. Nf3 Bg7 6. O-O d6 7. c3 Nge7 8. Na3 O-O 9. Nc2 Bd7 10.
d4 cxd4 11. cxd4 Rc8 12. h4 Qa5 13. Bd2 Qa6 14. Qxa6 bxa6 15. Rac1 f5 16. d5 exd5 17. exf5 Bxf5 18. Ne3 Bxb2 19. Nxf5 Nxf5 20. Rb1 Bg7 21. Ng5 Nce7 22. Rb7 h6 23. Ne6 Rf7 24. Rxa7 Rc2 25. Bf4 Rxa2 26. Rc1 d4 27. Bf1 d3 28. Bxd3 Bd4 29.
Nxd4 Nxd4 30. Bc4 Ne2+ 31. Kf1 Nxc1 32. Rxe7 Rc2 33. Bxf7+ Kf8 34. Rd7 1-0

[Event "*** Titled Tuesday 3|2 Blitz"]
[Site "Chess.com"]
[Date "2016.02.02"]
[Round "6"]
[White "Yaacovn"]
[Black "ZEN-22"]
[Result "0-1"]
[WhiteElo "2541"]
[BlackElo "2377"]
[TimeControl "180+2"]
[EndTime "18:07:31 PST"]
[Termination "ZEN-22 won by resignation"]

1. d4 g6 2. Nf3 Bg7 3. e3 d6 4. Be2 Nd7 5. O-O e5 6. b3 Ngf6 7. Bb2 O-O 8. c4 a5 9. dxe5 Ng4 10. Nc3 Ngxe5 11. Nxe5 Nxe5 12. Qc2 Bf5 13. e4 Bd7 14.
Rad1 Re8 15. Qd2 Qh4 16. f4 Ng4 17. Bxg4 Bxg4 18. Rde1 c6 19. h3 Bd7 20. Qxd6 Rad8 21. Qc5 Bxh3 22. e5 Bxg2 23. Kxg2 Qg4+ 24. Kh2 Rd2+ 25.
Rf2 Qh4+ 26. Kg2 Rxb2 27. Rxb2 Qxe1 28. Qd4 Qh4 29. Qf2 Qxf2+ 30. Kxf2 f6 31. exf6 Bxf6 32. Rc2 Bd4+ 33. Kg2 Re3 34. Ne2 Bc5 35. Ng3 h5 36. f5 h4 37. Nf1 h3+ 38. Kh2 Rf3 39. Nd2 Rf2+ 40. Kxh3 Bb4 41. fxg6 Rxd2 42. Rxd2 Bxd2 43.
Kg4 Kg7 44. Kf5 Bc3 45. a4 c5 0-1

[Event "*** Titled Tuesday 3|2 Blitz"]
[Site "Chess.com"]
[Date "2016.02.02"]
[Round "6"]
[White "yurisolo"]
[Black "Hikaru"]
[Result "1/2-1/2"]
[WhiteElo "2493"]
[BlackElo "2831"]
[TimeControl "180+2"]
[EndTime "18:08:13 PST"]
[Termination "Game drawn by repetition"]

1. e4 b6 2. d4 Bb7 3. Bd3 e6 4. Qe2 d5 5. e5 c5 6. c3 Qc8 7. Nd2 Ba6 8. c4 Ne7 9. Ngf3 Nbc6 10. dxc5 Nb4 11. cxb6 Nxd3+ 12. Qxd3 dxc4 13. Qc2 axb6 14. Ne4 Nd5 15. O-O h6 16. Re1 Nb4 17. Qc3 Nd5 18.
Qd4 Be7 19. Nd6+ Bxd6 20. exd6 O-O 21. Bxh6 gxh6 22. Qg4+ Kh8 23. Qh4 Kg7 24. Qg4+ Kh8 25. Qh4 Kg7 26. Qg4+ Kh8 27. Qh4 1/2-1/2

[Event "*** Titled Tuesday 3|2 Blitz"]
[Site "Chess.com"]
[Date "2016.02.02"]
[Round "6"]
[White "Mornar1951"]
[Black "JusticeBot"]
[Result "1-0"]
[WhiteElo "2596"]
[BlackElo "2426"]
[TimeControl "180+2"]
[EndTime "18:08:21 PST"]
[Termination "Mornar1951 won by resignation"]

1. Nf3 Nf6 2. c4 e6 3. g3 d5 4.
Bg2 Be7 5. d4 O-O 6. O-O dxc4 7.
Qc2 a6 8. a4 Bd7 9. Rd1 Bc6 10.
Nc3 Bxf3 11. Bxf3 Nc6 12. Bxc6 bxc6 13. Bg5 Rb8 14. e3 Nd5 15. Bxe7 Qxe7 16. Ne4 Qb4 17. Rab1 Qb3 18. Rdc1 Qxc2 19. Rxc2 Rb4 20. a5 Ra4 21. Nc5 Rxa5 22. Rxc4 Rb8 23. Nd7 Rbb5 24. Rxc6 Ra2 25. e4 Nf6 26. Rxc7 Nxd7 27. Rxd7 h6 28. b3 Rd2 29.
Kg2 a5 30. Rc1 Rb4 31. Rcc7 Rbxd4 32. Rxf7 Rxe4 33. Rxg7+ Kf8 34. Rh7 Kg8 35. Rxh6 Ree2 36. Rg6+ Kh8 37. Rf6 Kg8 38. h4 Rb2 39. h5 Rxb3 40.
h6 Rb8 41. Rg7+ Kh8 42. Rff7 Rd8 43. Rh7+ Kg8 44. Rfg7+ 1-0

[Event "*** Titled Tuesday 3|2 Blitz"]
[Site "Chess.com"]
[Date "2016.02.02"]
[Round "6"]
[White "ruifeng"]
[Black "Recombinant"]
[Result "1-0"]
[WhiteElo "2314"]
[BlackElo "2220"]
[TimeControl "180+2"]
[EndTime "18:08:23 PST"]
[Termination "ruifeng won by checkmate"]

1. e4 d6 2. d4 Nf6 3. Nc3 g6 4. Bg5 Bg7 5. Qd2 h6 6. Bf4 g5 7. Bg3 Nc6 8. f3 e5 9. Nge2 Nh5 10. Bf2 Nf4 11. Nxf4 exf4 12. O-O-O O-O 13. g3 fxg3 14.
hxg3 f5 15. Bc4+ Kh7 16. Rh5 fxe4 17. Nxe4 d5 18. Nxg5+ Kg8 19. Bd3 hxg5 20. Rxg5 Rxf3 21. Rh1 Qf6 22. Rg6 Rxd3 23. Qh6 Qf7 24. Qh8# 1-0